Map: Acid Plant LE

Players

FLORENCIO - Winner!

  • Race: Protoss Protoss
  • League: Master
  • Spawn Location: 11:00

BigHoss

  • Race: Zerg Zerg
  • League: Diamond
  • Spawn Location: 5:00

VOD

Have the link to the VOD?

Description

Time

  • Played on: Feb. 3, 2018, 12:43 p.m.
  • Length: 20:59
Show
View Real Time Build Order
Export as new Build Order

FLORENCIO Protoss - Winner!

Build Orders:  

Get SALT Encoding   

  12  0:00  Probe (Chrono Boost)  
  13  0:12  Probe (Chrono Boost)  
  14  0:18  Pylon  
  14  0:21  Probe (Chrono Boost)  
  15  0:37  Forge  
  15  0:41  Probe  
  16  0:53  Probe  
  17  1:11  Pylon  
  17  1:16  Probe  
  18  1:21  Assimilator  
  18  1:28  Probe  
  18  1:40  Photon Cannon  
  18  1:41  Photon Cannon  
  18  1:43  Pylon  
  18  1:49  Pylon  
  18  1:50  Pylon  
  18  1:55  Probe  
  19  2:07  Probe  
  20  2:12  Photon Cannon  
  20  2:16  Pylon  
  20  2:19  Photon Cannon  
  20  2:27  Gateway  
  20  2:37  Probe  
  20  2:39  Assimilator  
  20  2:41  Pylon  
  20  2:43  Assimilator  
  21  2:49  Probe  
  22  3:05  Photon Cannon  
  22  3:06  Photon Cannon  
  22  3:08  Photon Cannon  
  22  3:42  Nexus  
  22  3:43  Cybernetics Core  
  22  3:50  Photon Cannon  
  22  3:52  Pylon  
  22  4:00  Probe (Chrono Boost)  
  23  4:09  Probe (Chrono Boost)  
  24  4:14  Probe (Chrono Boost)  
  25  4:30  Pylon  
  25  4:36  Shield Battery  
  25  4:54  Probe  
  26  5:06  Stargate, Probe  
  27  5:07  Stargate  
  27  5:10  Assimilator  
  27  5:14  Photon Cannon  
  27  5:18  Probe  
  27  5:19  Stargate  
  28  5:27  Photon Cannon  
  28  5:30  Pylon, Probe  
  30  5:46  Assimilator  
  30  5:52  Void Ray (Chrono Boost)  
  33  6:01  Void Ray (Chrono Boost)  
  37  6:16  Void Ray (Chrono Boost)  
  41  6:24  Shield Battery  
  41  6:33  Void Ray  
  45  6:50  Void Ray  
  49  7:05  Pylon  
  45  7:37  Oracle x2 (Chrono Boost)  
  45  7:38  Oracle (Chrono Boost)  
  54  8:08  Oracle (Chrono Boost)  
  54  8:11  Photon Cannon  
  47  8:31  Oracle x2  
  53  8:42  Shield Battery  
  53  8:43  Pylon, Probe  
  55  8:55  Probe  
  55  8:57  Oracle  
  58  9:07  Probe  
  58  9:08  Oracle  
  62  9:19  Probe  
  62  9:20  Probe  
  64  9:32  Probe x2  
  64  9:33  Oracle  
  69  9:40  Pylon  
  69  9:44  Probe  
  70  9:55  Oracle  
  67  10:08  Oracle  
  67  10:10  Oracle  
  73  10:25  Nexus  
  73  10:32  Oracle  
  73  10:45  Oracle (Chrono Boost)  
  76  11:07  Pylon  
  76  11:09  Pylon x2  
  76  11:10  Probe  
  77  11:12  Assimilator  
  77  11:16  Assimilator  
  77  11:22  Probe  
  84  11:29  Oracle x2 (Chrono Boost)  
  84  11:34  Probe  
  61  11:52  Oracle (Chrono Boost)  
  53  12:01  Oracle (Chrono Boost)  
  53  12:02  Pylon  
  53  12:04  Gateway  
  53  12:05  Gateway  
  59  12:08  Gateway  
  59  12:09  Oracle (Chrono Boost)  
  59  12:17  Probe  
  59  12:18  Probe  
  61  12:24  Oracle (Chrono Boost)  
  61  12:29  Oracle, Probe  
  65  12:30  Probe  
  69  12:41  Probe  
  69  12:42  Probe  
  71  12:54  Probe  
  72  13:02  Oracle x2  
  78  13:06  Oracle  
  78  13:11  Zealot x2  
  78  13:12  Zealot  
  87  13:15  Probe  
  88  13:20  Pylon  
  88  13:25  Warp Gate  
  88  13:27  Probe  
  88  13:30  Probe  
  90  13:38  Zealot  
  90  13:39  Oracle (Chrono Boost), Probe  
  90  13:40  Oracle (Chrono Boost)  
  99  13:42  Probe  
  99  13:43  Oracle (Chrono Boost)  
  103  13:51  Probe  
  104  14:01  Nexus  
  104  14:14  Oracle (Chrono Boost)  
  100  14:41  Probe  
  101  14:53  Probe  
  101  14:54  Adept x3  
  108  15:05  Probe  
  109  15:09  Pylon  
  109  15:17  Probe  
  109  15:19  Pylon  
  109  15:21  Adept x3  
  110  15:30  Probe  
  109  15:42  Probe  
  110  15:44  Assimilator  
  110  15:47  Assimilator  
  110  15:48  Adept x3  
  116  15:54  Probe  
  117  16:01  Stargate  
  117  16:03  Stargate  
  117  16:05  Stargate  
  117  16:06  Probe  
  115  16:15  Adept x3  
  118  16:30  Photon Cannon x2  
  118  16:32  Photon Cannon  
  118  16:34  Shield Battery  
  118  16:38  Photon Cannon, Pylon  
  124  16:42  Adept x3  
  118  17:18  Adept  
  118  17:19  Adept x2  
  94  17:33  Oracle x3  
  103  17:46  Adept x3  
  103  18:02  Pylon  
  103  18:03  Pylon  
  103  18:05  Pylon  
  95  18:07  Pylon  
  95  18:10  Oracle x3  
  96  18:13  Adept x3 (Chrono Boost), Photon Cannon  
  96  18:15  Photon Cannon  
  96  18:16  Photon Cannon  
  102  18:22  Stargate  
  102  18:43  Nexus  
  102  18:47  Oracle x3  
  111  19:18  Pylon  
  111  19:19  Pylon, Probe  
  111  19:22  Assimilator  
  112  19:24  Oracle x2 (Chrono Boost)  
  112  19:25  Oracle (Chrono Boost)  
  112  19:26  Assimilator  
  120  19:32  Probe  
  121  19:44  Probe  
  118  19:58  Oracle (Chrono Boost)  
  118  19:59  Oracle (Chrono Boost)  
  117  20:00  Probe  
  117  20:12  Probe  
  118  20:24  Probe  
Show
View Real Time Build Order
Export as new Build Order

BigHoss Zerg 

Build Orders: Hatch First 

Get SALT Encoding   

  12  0:01  Drone  
  13  0:08  Drone  
  14  0:16  Overlord  
  14  0:22  Extractor  
  14  0:23  Drone  
  15  0:35  Drone x2  
  17  0:53  Hatchery  
  17  0:57  Drone  
  17  0:59  Drone  
  18  1:05  Drone  
  19  1:17  Spawning Pool  
  18  1:20  Extractor  
  18  1:21  Drone  
  18  1:29  Drone  
  19  1:38  Drone  
  21  2:11  Queen, Roach Warren  
  21  2:12  Overlord  
  21  2:15  Hatchery  
  21  2:20  Spine Crawler  
  21  2:21  Drone  
  21  2:29  Zergling x2  
  22  2:35  Drone x2  
  24  2:51  Roach  
  24  2:58  Roach  
  28  2:59  Evolution Chamber  
  27  3:07  Overlord  
  27  3:11  Lair  
  27  3:19  Roach  
  29  3:21  Ravager  
  31  3:34  Roach  
  31  3:40  Hatchery  
  32  3:45  Drone x3  
  32  3:46  Extractor  
  34  4:05  Drone  
  34  4:08  Roach  
  37  4:20  Drone  
  37  4:21  Overlord x2  
  38  4:42  Ravager  
  36  5:01  Ravager  
  36  5:06  Queen, Drone x2  
  41  5:16  Drone  
  41  5:19  Overseer  
  42  5:25  Roach  
  42  5:26  Roach x5  
  42  5:28  Overseer  
  54  5:40  Hydralisk Den  
  54  5:42  Queen  
  55  5:45  Drone  
  55  5:46  Drone x2  
  58  5:51  Glial Reconstitution  
  58  5:57  Spore Crawler, Drone x2  
  57  5:58  Drone  
  60  6:06  Overlord x2  
  60  6:13  Spore Crawler  
  60  6:14  Spine Crawler  
  60  6:15  Muscular Augments  
  55  6:27  Hatchery  
  55  6:31  Drone x2  
  56  6:37  Drone x5  
  60  6:40  Extractor  
  60  6:41  Extractor  
  56  6:52  Hydralisk x3  
  54  7:03  Hydralisk x2  
  58  7:35  Hydralisk x3  
  58  7:36  Hydralisk  
  66  7:51  Hydralisk x2  
  66  7:54  Drone x2  
  66  7:55  Drone x2  
  74  7:58  Overlord x2  
  74  7:59  Overlord x2  
  56  8:29  Hydralisk x4  
  56  8:30  Hydralisk x3  
  56  8:33  Drone x2  
  63  8:35  Extractor  
  62  8:43  Hydralisk x2  
  66  8:50  Drone x2  
  68  8:59  Hydralisk  
  70  9:03  Grooved Spines  
  70  9:11  Zerg Missile Weapons Level 1  
  70  9:19  Drone x2  
  72  9:30  Hydralisk  
  74  9:33  Overlord  
  74  9:38  Spore Crawler  
  73  9:41  Overlord  
  58  10:04  Drone x6  
  58  10:06  Queen  
  64  10:08  Queen  
  64  10:12  Hydralisk x2  
  72  10:25  Infestation Pit  
  69  10:56  Hatchery  
  65  11:02  Hydralisk  
  65  11:03  Hydralisk x4  
  75  11:05  Zerg Ground Armor Level 1  
  75  11:11  Drone x2  
  77  11:14  Drone  
  77  11:15  Drone  
  79  11:26  Drone x2  
  79  11:27  Drone  
  45  11:47  Hydralisk x4  
  47  11:55  Hydralisk  
  47  12:01  Queen  
  49  12:12  Hydralisk x2  
  53  12:25  Hydralisk x3  
  53  12:27  Drone  
  53  12:28  Drone  
  61  12:32  Drone x2  
  63  12:47  Hydralisk x3  
  61  13:02  Infestor x4  
  61  13:04  Infestor  
  71  13:07  Drone  
  71  13:09  Drone  
  71  13:10  Drone  
  74  13:20  Spore Crawler, Drone  
  74  13:21  Drone x3  
  74  13:26  Infestor  
  77  13:28  Burrow  
  77  13:30  Drone  
  77  13:32  Drone  
  77  13:33  Drone  
  82  13:38  Queen  
  78  13:49  Spore Crawler  
  78  13:50  Hydralisk  
  78  13:51  Hydralisk  
  81  14:18  Infestor x2  
  81  14:26  Overlord x5  
  71  14:35  Drone  
  71  14:36  Hydralisk x3  
  71  14:37  Hydralisk x4  
  69  14:45  Spore Crawler  
  68  14:51  Hydralisk x4  
  76  14:55  Drone  
  76  14:56  Drone  
  78  15:03  Zerg Missile Weapons Level 2  
  78  15:07  Metabolic Boost  
  78  15:14  Zergling x6  
  80  15:18  Infestor  
  76  15:36  Infestor  
  76  15:37  Infestor x3  
  84  15:44  Drone x3  
  87  15:58  Spore Crawler  
  77  16:16  Hatchery  
  70  16:25  Drone x5  
  75  16:47  Hydralisk x3  
  54  17:21  Infestor  
  37  17:25  Hydralisk x5  
  43  18:22  Hydralisk x3  
  25  19:55  Drone  
  26  20:15  Hatchery  
Tags
 
Add a new tag
Caveats
  • Supply blocks, unpowered buildings, or Contaminate may cause inaccurate times.
  • Supply counts are checked every 10 seconds.